[Event "French-ch U16-U18 2024"]
[Site "Agen"]
[Date "2024.04.20"]
[Round "8.7"]
[White "Kuhn, Clement"]
[Black "Gibaud, Elian"]
[Result "1-0"]
[ECO "B48"]
[WhiteElo "2349"]
[BlackElo "1985"]
[Annotator "TA"]
[PlyCount "69"]
[EventDate "2024.04.14"]
[EventType "swiss"]
[EventCountry "FRA"]
[SourceTitle "playchess.com"]
[Source "ChessBase"]
[SourceQuality "1"]
[TimeControl "5400+30"]

1. e4 c5 2. Nf3 e6 3. d4 cxd4 4. Nxd4 Nc6 5. Nc3 Qc7 6. Be3 a6 7. g4 b5 8. Nxc6 Qxc6 9. Qd2 {[%emt 0:00:04] The position is equal.} b4 10. Ne2 Qxe4 11. Rg1 {[%emt 0:00:03] aiming for Bg2.} Qc4 12. Nf4 Qc7 13. O-O-O Ne7 14. Rg3 a5 15. Bg2 Bb7 16. Bb6 Qc8 17. Bxb7 Qxb7 18. Bd4 Nd5 19. Nh5 Rg8 20. Qd3 g6 21. Nf6+ Nxf6 22. Bxf6 Rc8 23. Kb1 Rc5 (23... g5 $15) 24. Qd2 $11 Rd5 $2 {[%emt 0:11:48] [#]} (24... Bg7 $11 {and Black stays safe.} 25. Qd6 Bf8) 25. Qxd5 $1 $18 exd5 26. Re3+ Be7 27. Rxe7+ Kd8 {[%emt 0:05:24] [#]} 28. Rxd5 $1 {[%emt 0:01:13] White is clearly winning.} Re8 (28... Qxd5 $142 29. Re5+ (29. Rxf7+ $2 Kc7 $19) 29... Kc8 30. Rxd5 Re8) 29. Re6+ (29. Rxa5 $2 Rxe7 30. b3 Ke8 31. Bxe7 Kxe7 $19) (29. Rexd7+ $2 Kc8 30. Rd8+ Rxd8 31. Rxd8+ Kc7 $19) 29... Kc7 30. Rc5+ (30. Rxe8 $2 {perishes.} Qxd5 31. Bd8+ Kb7 $19) 30... Kb8 31. Rxe8+ (31. Be5+ d6 32. Rxe8+ Ka7 33. Rxa5+ (33. Bxd6 $2 {gets mated.} Qh1+) 33... Kb6 $15) 31... Ka7 32. Rxa5+ Kb6 33. Bd8+ Kc6 34. Ree5 d6 {[%emt 0:01:31] Dodges Rac5+} 35. Re7 {[%emt 0:00:16] Weighted Error Value: White=0.08 (flawless) /Black=0.36.  Loses game:     	---       	Black=1      Mistake:       	---       	Black=2      Inaccurate:     	White=3     	Black=2      OK:         	White=9     	Black=7      Best:        	White=3     	Black=3      Strong:       	White=2     	---} 1-0

[Event "French-ch U16-U18 2024"]
[Site "Agen"]
[Date "2024.04.20"]
[Round "8.8"]
[White "Dessyn, Timothee"]
[Black "Vallee, Louis"]
[Result "1-0"]
[ECO "D87"]
[WhiteElo "2110"]
[BlackElo "2270"]
[Annotator "TA"]
[PlyCount "73"]
[EventDate "2024.04.14"]
[EventType "swiss"]
[EventCountry "FRA"]
[SourceTitle "playchess.com"]
[Source "ChessBase"]
[SourceQuality "1"]
[TimeControl "5400+30"]

1. d4 Nf6 2. c4 g6 3. Nc3 d5 4. cxd5 Nxd5 5. e4 Nxc3 6. bxc3 Bg7 7. Bc4 c5 8. Ne2 Nc6 9. Be3 O-O 10. O-O b6 11. dxc5 Qc7 12. cxb6 (12. Nd4 $14 Ne5 13. Nb5) 12... axb6 $11 13. Rb1 {[%emt 0:06:31] The position is equal.} Na5 14. Bd5 (14. Bxb6 $2 {too greedy.} Qxc4 15. Rb4 Qa6 $19 (15... Qxa2 16. Ra4 $17)) 14... Rb8 15. Re1 Ba6 16. Bf4 Be5 17. Bxe5 Qxe5 18. Qd4 Qc7 19. Qe3 Rfc8 20. Rbc1 Bxe2 21. Rxe2 e6 22. Bb3 Qe7 23. Rd2 Rc5 24. Rcd1 Rbc8 25. Rd7 Qf6 26. h3 $36 {[%emt 0:01:27][%mdl 2048] White fights for an advantage.} Qxc3 $2 {[%emt 0:13:35][%mdl 8192] Black cannot hold the game after this.} (26... Nxb3 $11 27. axb3 Rxc3 28. Qxb6 h5) 27. Qf4 $18 Rf8 {[%emt 0:00:15] [#]} 28. Bxe6 $1 fxe6 {[%emt 0:01:36][%cal Bf7e6,Be6f5,Bf5f4][%mdl 32] [#]} (28... Qg7 29. Rxf7) 29. Rd8 $1 Rcf5 30. exf5 exf5 31. Qh6 Qg7 32. Rxf8+ Qxf8 33. Qxf8+ (33. Qh4 $142 Kf7 34. Qxh7+ Kf6 35. Qc7) 33... Kxf8 34. Rb1 Ke7 35. Rxb6 f4 36. Rb5 Nc6 37. Rb7+ {[%emt 0:00:05] Weighted Error Value: White=0.11 (very precise) /Black=0.38.  Loses game:     	---       	Black=1      Mistake:       	White=1     	---        Inaccurate:     	White=1     	Black=2      OK:         	White=6     	Black=5      Best:        	White=1     	---} 1-0

[Event "French-ch U16-U18 2024"]
[Site "Agen"]
[Date "2024.04.20"]
[Round "8.9"]
[White "Lissillour, Baptiste"]
[Black "Flagiello, Francesco"]
[Result "1/2-1/2"]
[ECO "D30"]
[WhiteElo "2130"]
[BlackElo "1952"]
[Annotator "TA"]
[PlyCount "149"]
[EventDate "2024.04.14"]
[EventType "swiss"]
[EventCountry "FRA"]
[SourceTitle "playchess.com"]
[Source "ChessBase"]
[SourceQuality "1"]
[TimeControl "5400+30"]

1. Nf3 Nf6 2. g3 d5 3. Bg2 e6 4. O-O Be7 5. c4 O-O 6. b3 c5 7. cxd5 exd5 8. d4 Nc6 9. Bb2 Re8 10. Nc3 Be6 11. Rc1 Rc8 12. e3 cxd4 {[%emt 0:03:00] The position is equal.} 13. Nxd4 Qd7 14. Nxe6 fxe6 15. Bh3 Bf8 16. Ne2 (16. e4 $16) 16... Qf7 $14 17. Nd4 Nxd4 18. Bxd4 a6 19. Bb2 Ne4 20. Bg2 Qf5 21. Qe2 Bd6 22. Rfd1 Bb8 23. Ba1 Rf8 24. Rxc8 Rxc8 25. h4 Nc3 $2 (25... h6 $11 {and Black has nothing to worry.}) 26. Bxc3 $18 Rxc3 27. e4 $1 Qe5 28. Qg4 $2 (28. f4 $1 $18 Qf6 29. exd5) 28... d4 $11 29. Bh3 Kf7 30. Qe2 Ba7 {[%emt 0:01:13][%cal Oc3g3] Threatens to win with ...Rxg3+!} 31. Rd3 g6 32. Bf1 Kg7 33. Kg2 {[%emt 0:00:35] White is weak on the dark squares} h5 34. Kh2 Qc5 35. a4 Rxd3 36. Qxd3 {[%emt 0:00:01][%mdl 4096] Endgame. KQB-KQB} Qc3 37. Kg2 Qxd3 38. Bxd3 {[%emt 0:00:02] KB-KB} e5 39. Kf3 Kf6 40. Ke2 Bc5 41. f4 Bb4 42. Kf3 Bd6 43. Bc4 a5 44. Bb5 b6 45. Be8 Bc5 46. fxe5+ Kxe5 47. Bxg6 d3 48. Bxh5 d2 49. Ke2 Kxe4 50. Bg6+ (50. Kxd2 $6 Bf2 $11) 50... Ke5 51. Bc2 $1 ({Inferior is} 51. Kxd2 Bf2 $15) 51... Bb4 52. Ke3 Bc5+ 53. Ke2 ({But not} 53. Kxd2 Bf2 $16) 53... Bb4 54. Kd3 (54. Kf3 $16) 54... Kf5 (54... d1=B $14 55. Bxd1 Be1) 55. Bd1 $16 {[%emt 0:00:09] Black must now prevent Ke3.} Ke5 56. g4 {[%emt 0:00:10][%cal Bg3g4,Bg4g5][%mdl 32] aiming for Ke3.} Kf4 57. g5 Kf5 $2 {[%emt 0:00:45][%mdl 8192] [#]} (57... Bf8 $16 58. Kxd2 Bb4+ 59. Kd3 Bc5) 58. Ke3 $1 $18 Bc3 {[%emt 0:00:19] [#]} 59. Kf3 $1 Be5 60. Bc2+ Ke6 61. h5 $2 (61. b4 $18 {is more deadly.} axb4 62. Ke4) 61... d1=Q+ 62. Bxd1 Kf5 63. g6 Kg5 64. Ke4 Bg7 65. Kd5 Kh6 66. Kc6 Bd4 67. Kd5 $2 (67. b4 $16) 67... Bc3 (67... Bg7 $1 $11) 68. Kc4 Bb4 69. Bf3 Kg7 70. Kd4 Be1 71. Ke5 Kh6 72. Kd4 Kg7 $1 73. Kc4 Bb4 $1 74. Be4 Kh6 75. Bf3 {[%emt 0:06:47] Weighted Error Value: White=0.29 (precise) /Black=0.19 (very precise) .  Loses game:     	---       	Black=2      Missed win:     	White=1     	---        Mistake:       	White=4     	Black=2      Inaccurate:     	White=3     	Black=6      OK:         	White=17    	Black=9      Best:        	White=4     	Black=4      Strong:       	White=3     	Black=2} (75. Kd5 $16) 1/2-1/2

[Event "French-ch U16-U18 2024"]
[Site "Agen"]
[Date "2024.04.20"]
[Round "8.10"]
[White "Zienkiewicz, Jan"]
[Black "Ernst, Luca"]
[Result "0-1"]
[ECO "B69"]
[WhiteElo "2240"]
[BlackElo "2133"]
[Annotator "TA"]
[PlyCount "78"]
[EventDate "2024.04.14"]
[EventType "swiss"]
[EventCountry "FRA"]
[SourceTitle "playchess.com"]
[Source "ChessBase"]
[SourceQuality "1"]
[TimeControl "5400+30"]

1. e4 c5 2. Nf3 Nc6 3. d4 cxd4 4. Nxd4 Nf6 5. Nc3 d6 6. Bg5 e6 7. Qd2 a6 8. O-O-O Bd7 9. f4 Be7 10. Nf3 b5 11. Bxf6 gxf6 12. Bd3 Qa5 13. Kb1 $1 Rc8 14. Rhe1 Nb4 15. f5 {[%emt 0:12:17] White has an edge.} Nxd3 16. Qxd3 {[%emt 0:01:28] Strongly threatening fxe6.} b4 17. fxe6 fxe6 18. Ne2 O-O 19. Nfd4 Kh8 20. Rf1 (20. Nf4 $16) 20... Qe5 $11 21. g4 Rg8 22. h3 a5 23. Qe3 Qc5 24. Qd3 a4 25. Nf4 Qe5 26. Qe3 {[%emt 0:03:55] [#]} (26. Qd2 $11 {remains equal.}) 26... Rc4 ({Black should try} 26... d5 $1 $17 27. Rfe1 Bc5) 27. Rfe1 Rgc8 28. Re2 a3 {[%emt 0:02:14] White must now prevent ...axb2.} 29. b3 Rc3 30. Rd3 R3c7 31. Rd1 Bb5 32. Nd3 Bxd3 33. Rxd3 Rc3 34. Red2 $2 (34. Nf3 $1 $11 Qb5 35. Nd4 Rxd3 36. cxd3) 34... d5 35. Rxc3 $2 (35. Ne2 R3c5 36. c3 dxe4 37. Rd7 bxc3 38. Rc2) 35... Rxc3 $19 36. Qe2 {[%emt 0:00:41] White is weak on the dark squares} Rxh3 37. Rd1 {[%emt 0:00:26] Prevents Rh1.} Bc5 ({Inferior is} 37... Qxe4 38. Qb5 Kg7 (38... Qxg4 $2 {is the wrong capture.} 39. Qe8+ Kg7 40. Qxe7+ Kg6 41. Qe8+ Kg5 42. Qg8+ Kh4 43. Qxh7+ Qh5 44. Qxh5+ Kxh5 45. Nxe6 $18) 39. Qe8 $15) 38. Qb5 Bxd4 39. Qxb4 {[%emt 0:00:27] [#]} Bc5 $1 {[%emt 0:00:31][%mdl 512] Weighted Error Value: White=0.78/Black=0.12 (very precise) .  Loses game:     	White=1     	---        Mistake:       	White=3     	Black=1      Inaccurate:     	---       	Black=2      OK:         	White=11    	Black=10} 0-1

[Event "French-ch U16-U18 2024"]
[Site "Agen"]
[Date "2024.04.20"]
[Round "8.11"]
[White "Deladerriere, Calypso"]
[Black "Riss, Selenia"]
[Result "1-0"]
[ECO "C47"]
[WhiteElo "1935"]
[BlackElo "1763"]
[Annotator "TA"]
[PlyCount "87"]
[EventDate "2024.04.14"]
[EventType "swiss"]
[EventCountry "FRA"]
[SourceTitle "playchess.com"]
[Source "ChessBase"]
[SourceQuality "1"]
[TimeControl "5400+30"]

1. e4 e5 2. Nf3 Nc6 3. Nc3 Nf6 4. d4 exd4 5. Nd5 Be7 6. Bd3 d6 7. h3 {[%emt 0:00:51] Prevents Bg4.} Nxd5 (7... O-O $15) 8. exd5 $11 {[%emt 0:00:50] The position is equal.} Ne5 9. Nxd4 Nxd3+ 10. Qxd3 O-O 11. O-O Bf6 12. Bf4 Re8 13. c4 Bd7 14. b4 a6 15. Rac1 Be5 16. Bxe5 dxe5 17. Ne2 f5 18. Rfe1 Qf6 19. Rcd1 Rad8 20. Nc3 e4 21. Qd4 Qg6 22. Qe3 Qf6 23. Qd2 Rf8 24. Kh1 Be8 25. Qd4 Qg5 26. Qe5 {[%emt 0:01:12] [#] Threatens to win with Nxe4.} Qh4 27. Qxc7 {[%emt 0:00:52] Hoping for Qg3.} Rd7 $2 (27... Bh5 $11 {and Black has nothing to worry.}) 28. Qg3 $18 Qf6 29. f4 $2 (29. Qe3 $18) 29... Bh5 (29... exf3 $1 $14 30. Qxf3 Qh4) 30. Rd2 Re8 31. c5 Bf7 32. a4 g6 33. Qe3 Red8 34. Red1 Be8 $2 (34... h6 35. d6 b6) 35. b5 axb5 36. axb5 {[%emt 0:00:16] [#] d6 is the strong threat.} Rc7 (36... Rf7 $142 37. d6 Qg7) 37. d6 {[%emt 0:00:22] White is clearly winning.} Rcd7 {[%emt 0:00:16] Black is weak on the dark squares} 38. c6 bxc6 39. bxc6 Rxd6 40. c7 Rxd2 41. Rxd2 Rc8 42. Nd5 Qe6 (42... Qd6 $142 43. Qb3 Kg7 44. Qb2+ Kf7) 43. Qc5 Kf7 {[%emt 0:00:05] Inhibits Ne7.} 44. Nb6 {[%emt 0:00:41] Weighted Error Value: White=0.22 (precise) /Black=0.30.  Loses game:     	---       	Black=1      Missed win:     	White=1     	---        Mistake:       	---       	Black=5      Inaccurate:     	White=2     	Black=2      OK:         	White=14    	Black=9      Best:        	White=3     	---} 1-0

[Event "French-ch U16-U18 2024"]
[Site "Agen"]
[Date "2024.04.20"]
[Round "8.12"]
[White "Grimault, Leane"]
[Black "Berezovsky, Fiorina"]
[Result "0-1"]
[ECO "A13"]
[WhiteElo "1930"]
[BlackElo "1848"]
[Annotator "TA"]
[PlyCount "132"]
[EventDate "2024.04.14"]
[EventType "swiss"]
[EventCountry "FRA"]
[SourceTitle "playchess.com"]
[Source "ChessBase"]
[SourceQuality "1"]
[TimeControl "5400+30"]

1. c4 e6 2. g3 d5 3. Bg2 Nf6 4. Nf3 c6 5. O-O dxc4 6. Qc2 Bd6 (6... b5 $11) 7. Qxc4 $14 b5 8. Qc2 {[%emt 0:01:06] White is slightly better.} Bb7 9. d4 Nbd7 10. Nc3 (10. Ne5 {is more complex.} O-O 11. Rd1 a5 12. Nc3) 10... O-O 11. Rd1 Qb6 12. e4 Be7 13. Ng5 (13. e5 $16 Nd5 14. Bg5 Nxc3 15. Bxe7 (15. bxc3 Bd8 $16) (15. Qxc3 b4 $16) 15... Nxd1 16. Ng5 (16. Rxd1 h6 $14) (16. Bxf8 Nxf8 17. Rxd1 h6 $14)) 13... h6 14. e5 hxg5 15. Bxg5 Rac8 16. exf6 Bxf6 17. Qd2 a6 (17... Bxg5 $11 18. Qxg5 c5 19. Bxb7 Qxb7) 18. Ne4 $16 Qd8 (18... Bxg5 $142 19. Qxg5 Ba8) 19. h4 (19. Nxf6+ $142 gxf6 20. Bh6) 19... Qe7 (19... Bxg5 $16 {is a better defense.} 20. hxg5 (20. Nxg5 Qe7 $16) 20... c5) 20. Rac1 Rfd8 (20... Bxg5 $16 21. hxg5 Rfd8) 21. Qf4 $18 Bxg5 22. Nxg5 (22. Qxg5 $6 Kf8 $14) (22. hxg5 $18 {Nd6 is the strong threat.} Rb8 23. g6) 22... Qf6 (22... Nf6 $14) 23. Qe3 (23. Qd6 {seems wilder.} Nb6 24. Qb4 Nd5 25. Qa5) 23... Qe7 $1 24. Rc2 Nf6 25. Rdc1 Qd6 26. Rd2 Ba8 27. Rcd1 Qb4 28. a3 Qd6 29. Qe2 Re8 30. Nf3 (30. b4 $16) 30... c5 $11 31. dxc5 Qxc5 32. Ne5 Bd5 33. Bxd5 exd5 34. b4 $2 (34. Kg2 $11 {and White has nothing to worry.}) 34... Qc3 $19 35. Re1 $2 {[%emt 0:01:14] [#]} (35. Rd4) 35... Rxe5 $1 36. Qxe5 Qxd2 37. Re2 Qc1+ (37... Rc1+ $142 38. Kg2 Qd1 39. Re1 Qxe1 40. Qxe1 Rxe1 41. f3 d4 (41... Re2+ {is a self mate.} 42. Kf1 Rc2 43. g4 d4 44. g5 Nd5 45. h5 d3 46. g6 Ne3+ 47. Kg1 Rg2+ 48. Kh1 d2 49. gxf7+ Kxf7 50. f4 d1=Q#) 42. Kf2 Re8 43. g4 d3 44. g5 Nh5 (44... Re2+ 45. Kg3 d2 46. gxf6 d1=Q 47. fxg7 Qd6+ 48. Kg4 Qe5 49. Kh3 f5 50. h5 Qh2#) (44... d2 45. g6 d1=Q 46. gxf7+ Kxf7 47. h5 Re2+ 48. Kg3 Qg1+ 49. Kf4 Nxh5+ 50. Kf5 g6#) 45. Kg2 d2 46. g6 Re2+ (46... d1=B {leads to mate.} 47. gxf7+ Kxf7 48. Kg1 Re2 49. Kf1 Ng3+ 50. Kg1 Ra2 51. f4 Bf3 52. h5 Rg2#) (46... d1=Q 47. gxf7+ Kxf7 48. f4 Qc2+ 49. Kf1 Ng3+ 50. Kg1 Re1#) 47. Kh3 f5 (47... d1=B 48. gxf7+ Kxf7 49. f4 Bc2 50. Kg4 Be4 51. Kxh5 Rg2 52. f5 Bf3#) 48. a4 d1=Q 49. axb5 Qh1#) 38. Kg2 Re8 39. Qb2 Qxb2 40. Rxb2 {[%emt 0:00:03][%mdl 4096] Endgame. KRN-KR} d4 41. Rd2 Rd8 42. Kf3 Kf8 43. Ke2 Ke7 {[%emt 0:00:26] [#] Hoping for ...Ne4.} 44. Kd3 Kd6 {[%emt 0:01:34] Strongly threatening ...Kd5.} 45. Re2 (45. Rc2 $142) 45... Re8 {[%emt 0:00:13] ...Rxe2 would now be deadly.} 46. Rc2 Re4 47. Rc8 Re8 48. Rc2 Nd5 49. Kxd4 Nb6 50. Kd3 Nc4 51. Kd4 Re1 {[%emt 0:00:29] Threatens to win with ...Rd1+.} ({Less strong is} 51... Nxa3 52. Ra2 Nc4 53. Rxa6+ Kd7 54. Ra7+ Ke6 55. Ra6+ Kf5 56. Ra7 $19) 52. a4 Rb1 53. axb5 axb5 54. Ra2 Rxb4 55. Ra6+ Ke7 56. Kc3 Rb1 57. Ra7+ Ke6 58. Ra6+ Kd5 59. Ra7 b4+ 60. Kc2 Rb2+ 61. Kc1 Rxf2 {[%emt 0:00:13] Black mates.} 62. Rb7 Kd4 63. Kd1 Kc3 64. Ke1 Rf6 65. Kd1 b3 66. g4 b2 {[%emt 0:00:12] Never resign too early!   Weighted Error Value: White=0.64/Black=0.30.  Loses game:     	White=1     	---        Mistake:       	White=5     	Black=6      Inaccurate:     	White=5     	Black=2      OK:         	White=15    	Black=10     Best:        	White=1     	Black=3      Strong:       	---       	Black=1} 0-1

[Event "French-ch U16-U18 2024"]
[Site "Agen"]
[Date "2024.04.20"]
[Round "8.13"]
[White "Personne, Solene"]
[Black "Le Coz, Marie Sarah"]
[Result "1/2-1/2"]
[ECO "B30"]
[WhiteElo "1719"]
[BlackElo "1840"]
[Annotator "NA RC COMBH"]
[PlyCount "106"]
[EventDate "2024.04.14"]
[EventType "swiss"]
[EventCountry "FRA"]
[SourceTitle "playchess.com"]
[Source "ChessBase"]
[SourceQuality "1"]
[TimeControl "5400+30"]

1. e4 c5 2. Nf3 Nc6 3. Bb5 e6 4. Bxc6 bxc6 5. d3 Ne7 6. h4 d5 7. Nbd2 c4 8. dxc4 dxe4 9. Nxe4 Qxd1+ 10. Kxd1 Nf5 11. c5 h5 12. Ne5 Bb7 13. c3 Rd8+ 14. Kc2 Rd5 15. Nd3 Be7 16. g3 O-O 17. Re1 Rfd8 18. Nf4 R5d7 19. Nxh5 e5 20. Bg5 Bxg5 21. Nxg5 Rd2+ 22. Kb3 f6 23. Ne4 R2d3 24. g4 Nd4+ 25. Ka4 Nc2 26. Rad1 Rxd1 27. Rxd1 Rxd1 28. Nd6 Ba6 29. c4 Rd4 30. b3 Rxg4 31. Ka5 Rxh4 32. Ng3 Bxc4 33. Nxc4 Nd4 34. Ka6 Rf4 35. Nh1 Re4 36. Ng3 Re1 37. Na5 Kf7 38. Kxa7 Ke6 39. Kb6 Kd5 40. Nh5 Ra1 41. Nxg7 Rxa2 42. Ne8 f5 43. Nc7+ Ke4 44. Nxc6 Nxc6 45. Kxc6 Rb2 46. Nb5 Rxb3 47. Nd6+ Kf4 48. Kd7 Rc3 49. c6 Kf3 50. Nxf5 Kxf2 51. c7 Rxc7+ 52. Kxc7 Kf3 53. Nd6 Kf4 1/2-1/2

[Event "French-ch U16-U18 2024"]
[Site "Agen"]
[Date "2024.04.20"]
[Round "8.14"]
[White "Diez, Agathe"]
[Black "Kosteniuk, Kristina"]
[Result "1-0"]
[ECO "A61"]
[WhiteElo "1954"]
[BlackElo "1852"]
[Annotator "TA"]
[PlyCount "73"]
[EventDate "2024.04.14"]
[EventType "swiss"]
[EventCountry "FRA"]
[SourceTitle "playchess.com"]
[Source "ChessBase"]
[SourceQuality "1"]
[TimeControl "5400+30"]

1. d4 Nf6 2. c4 e6 3. Nf3 c5 4. d5 exd5 5. cxd5 d6 6. Nc3 g6 7. Bf4 a6 8. a4 Bg7 9. e3 O-O 10. Bd3 Re8 11. O-O Nh5 {[%emt 0:06:29] White is slightly better.} 12. Bg5 f6 13. Bh4 Qc7 14. Nd2 f5 15. e4 Nf4 (15... f4 $14) 16. Bc2 $16 {[%emt 0:05:47] Bg5 would now be deadly.} fxe4 17. Ndxe4 Nd7 18. Qd2 $1 Nh5 19. Ng5 {[%emt 0:04:35] White is more active.} Ne5 20. Rae1 Bd7 {[%emt 0:03:21] [#]} (20... Qd8 $16 {might work better.}) 21. Ne6 $1 $18 Bxe6 (21... Qa5 {is a better defense.} 22. f4 Nc4) 22. dxe6 Nc4 (22... c4 $142 23. Nd5 Qc8) 23. Qd5 Nb6 24. Qb3 {[%emt 0:03:13] Black must now prevent a5.} c4 {[%emt 0:01:09] [#]} 25. Qa3 {[%emt 0:00:26] Strongly threatening a5.} Nf6 (25... Nf4 $142 26. a5 Nc8) 26. Bxf6 Bxf6 27. a5 Nc8 28. Nd5 {[%emt 0:00:26][%csl LRc7,LRf6] Prevents Ne7.} Qg7 29. Qb4 Bxb2 $2 (29... Rb8 30. Ba4 (30. Qxc4 Ne7 $18) 30... Rd8) 30. Ba4 ({Weaker is} 30. Qxc4 Ne7 31. Ba4 Rec8 $18) 30... Ne7 31. Bxe8 ({Don't play} 31. Qxc4 Rec8 32. Qb3 Bf6 $18) (31. Qxd6 Rad8 32. Nxe7+ Qxe7 $18) 31... Nxd5 (31... Rxe8 $142 32. Qxc4 (32. Qxd6 Nxd5 33. Qxd5 h6 $18) 32... h5) 32. Bf7+ Kh8 33. Qxb7 Rf8 34. Qxd5 {[%emt 0:00:07][%cal Oe6e7] e7! would kill now.} c3 35. e7 {[%emt 0:01:00] White mates.} Re8 36. Bxe8 c2 37. Ba4 {[%emt 0:00:13] Weighted Error Value: White=0.16 (very precise) /Black=0.55.  Mistake:       	---       	Black=7      Inaccurate:     	White=1     	Black=1      OK:         	White=9     	Black=7      Best:        	White=3     	Black=2      Strong:       	White=1     	---} 1-0

[Event "French-ch U16-U18 2024"]
[Site "Agen"]
[Date "2024.04.20"]
[Round "8.15"]
[White "Yaghi, leen"]
[Black "Boghossian, Lucie"]
[Result "1-0"]
[ECO "E81"]
[WhiteElo "1941"]
[BlackElo "1764"]
[Annotator "TA"]
[PlyCount "57"]
[EventDate "2024.04.14"]
[EventType "swiss"]
[EventCountry "FRA"]
[SourceTitle "playchess.com"]
[Source "ChessBase"]
[SourceQuality "1"]
[TimeControl "5400+30"]

1. d4 Nf6 2. c4 g6 3. Nc3 Bg7 4. e4 d6 5. f3 O-O 6. Bg5 h6 7. Be3 e5 8. d5 a5 9. Qd2 Na6 10. h4 (10. Bxh6 Nxe4 11. Nxe4 Qh4+ 12. g3 Qxh6 13. Qxh6 Bxh6 $17) 10... Kh7 11. Bd3 {[%emt 0:07:55] White is better.} Nc5 12. Nh3 Rh8 13. O-O-O Bd7 14. g4 Kg8 ({Black should play} 14... Nxd3+ $14 15. Qxd3 Qc8) 15. g5 ({Better is} 15. Nf2 $16) 15... Nh5 16. Nf2 Qf8 (16... Nf4 $1 $11) 17. Rdg1 f5 (17... Nf4 $14) 18. gxh6 Bxh6 $2 {[%emt 0:05:33] [#]} (18... Rxh6 $16 19. Bxc5 (19. Bxh6 Bxh6 20. Rxg6+ Kh7 $16) 19... dxc5 20. exf5 Bxf5) 19. Rxg6+ $18 Bg7 20. exf5 (20. Bxc5 $142 f4 21. Ba3) 20... Nxd3+ 21. Nxd3 {[%emt 0:00:00][%cal Of5f6] Hoping for f6!} ({Weaker is} 21. Qxd3 Bxf5 (21... Qxf5 22. Qxf5 Bxf5 23. Rg5 $16) 22. Rxg7+ Kxg7 $11) 21... Bxf5 {[%emt 0:00:14] [#]} 22. Rg5 (22. Rg2 $1 $18) 22... Qf6 $2 (22... Bxd3 $16 {was called for.} 23. Qxd3 Qxf3) 23. Ne4 Qf7 24. Rhg1 {[%emt 0:00:00] Threatens to win with Ng3.} Rh7 25. R5g2 (25. Ndf2 $18) 25... Rh8 $2 (25... Bxe4 $16 {is a better chance.} 26. fxe4 Qf3) 26. Bh6 Kf8 (26... Rh7 $142 27. Ng5 Bxh6) 27. Bxg7+ Nxg7 28. Rxg7 Qh5 29. Qg5 {[%emt 0:00:00] Weighted Error Value: White=0.44/Black=0.86.  Loses game:     	---       	Black=3      Mistake:       	White=4     	Black=4      Inaccurate:     	White=1     	Black=2      OK:         	White=2     	Black=3      Best:        	White=2     	Black=2} (29. Nxe5 $142 Qxh4 30. Rf7+ Ke8 31. Rxf5 dxe5 32. d6 (32. Rxe5+ Kd8 $18) (32. Kb1 Qe7 $18) 32... c6 33. Rxe5+ Kd8 34. Rxa5) 1-0